 Dungeon Crawl Stone Soup version 0.27.1-1-g398f81649c (webtiles) character file.

Game seed: 284427901472659550

154 speeev33 the Skirmisher (level 5, 0/47 HPs)
             Began as a Hill Orc Fighter on Sept 15, 2021.
             Succumbed to a gnoll's poison
             ... on level 3 of the Dungeon.
             The game lasted 00:03:21 (2616 turns).

speeev33 the Skirmisher (Hill Orc Fighter)          Turns: 2616, Time: 00:03:21

Health: 0/47       AC: 10    Str: 20    XL:     5   Next: 36%
Magic:  5/5        EV:  5    Int:  8    God:
Gold:   73         SH:  9    Dex: 10    Spells: 4/4 levels left

rFire    . . .     SeeInvis .   a - +0 war axe
rCold    . . .     Faith    .   c - +0 kite shield
rNeg     . . .     Spirit   .   h - +0 chain mail
rPois    .         Reflect  .   (no helmet)
rElec    .         Harm     .   (no cloak)
rCorr    .         Rampage  .   (no gloves)
Will     .....                  g - +0 pair of boots
Stlth    ..........             (no amulet)
HPRegen  0.15/turn              (no ring)
MPRegen  0.09/turn              (no ring)

@: lethally poisoned (0 -> -1)
A: no striking features
a: no special abilities


You were on level 3 of the Dungeon.
You visited 1 branch of the dungeon, and saw 3 of its levels.

You collected 73 gold pieces.

Inventory:

Hand Weapons
 a - a +0 war axe (weapon)
Armour
 c - a +0 kite shield (worn)
 g - a +0 pair of boots (worn)
 h - a +0 chain mail (worn)
Scrolls
 b - 2 scrolls of magic mapping
 e - a scroll of noise
 f - a scroll of vulnerability
Potions
 d - a potion of might
 i - a potion of attraction {unknown}


   Skills:
 + Level 4.6 Fighting
 + Level 4.2 Axes
 + Level 4.3 Armour
 + Level 4.2 Shields


You had 4 spell levels left.
You didn't know any spells.
Your spell library contained the following spells:

 Spells                   Type           Power      Damage    Failure   Level
 Foxfire                  Conj/Fire      0%         2x1d4     100%        1
 Call Canine Familiar     Summ           0%         N/A       100%        3
 Ozocubu's Armour         Ice            0%         N/A       100%        3
 Portal Projectile        Hex/Tloc       0%         N/A       100%        3
 Leda's Liquefaction      Hex/Erth       0%         N/A       100%        4
 Metabolic Englaciation   Hex/Ice        0%         N/A       100%        5
 Simulacrum               Ice/Necr       0%         N/A       100%        6


Dungeon Overview and Level Annotations

Branches:
Dungeon (3/15)

Altars:

Shops:
D:1 :

Annotations:
D:3 Natasha


Message History

The gnoll hits you with a +0 whip of venom.
You are more poisoned.
You slash the gnoll!
You kill the gnoll!
You closely miss the crimson imp.
* * * LOW HITPOINT WARNING * * *
You feel very sick. You block the gnoll's attack.
The crimson imp shouts, "Flee, thou quaking half-faced skainsmate!"
The crimson imp hits you but does no damage.
The crimson imp grins evilly.
The gnoll hits you but does no damage.
The crimson imp blinks!
* * * LOW HITPOINT WARNING * * *
You feel very sick. The gnoll hits you but does no damage.
The crimson imp blinks!
The gnoll hits you with a +0 spear.
* * * LOW HITPOINT WARNING * * *
The crimson imp barely misses you.
Things that are here:
a +0 whip of venom; a throwing net; a bat corpse
* * * LOW HITPOINT WARNING * * *
You feel sick. You block the gnoll's attack.
The crimson imp shouts, "Get thee hence, thou erky tickle-brained pustule!"
The crimson imp barely misses you.
* * * LOW HITPOINT WARNING * * *
You feel sick.
* * * LOW HITPOINT WARNING * * *
You feel sick.
The crimson imp disappears in a puff of smoke!
The crimson imp grins evilly.
* * * LOW HITPOINT WARNING * * *
You feel sick.
* * * LOW HITPOINT WARNING * * *
You feel sick.
* * * LOW HITPOINT WARNING * * *
You feel sick.
The crimson imp disappears in a puff of smoke!
* * * LOW HITPOINT WARNING * * *
You feel sick.
You die...

. #.# #.# #.# #..... #. #.#
#[# #.# #.....
.#.#######.###.###.######.....
........................'.....
......#÷##########.######.....
.............# #.# #.....
.............# #.# #.....
..#...#.##########.# #.....
.........g§..@.....# #.....
...####g#################.....
##.####.# #...............
.......g# #............###
###+###h#######............#
#.....5gK.....#............#
#.......).....#............#
#.............#............#
#.............#............#


You could see 2 gnolls.

Vanquished Creatures
  A bullfrog skeleton (D:3)
  Natasha (twice) (D:3)
  A gnoll (D:3)
  A worm (D:2)
  2 dart slugs
  6 ball pythons
  5 bats
  4 endoplasms
  3 giant cockroaches
  3 goblins
  6 hobgoblins
  10 jackals
  4 quokkas
  3 frilled lizards (D:1)
  2 kobolds
  2 rats
55 creatures vanquished.

Vanquished Creatures (others)
  7 fungi (D:3)
7 creatures vanquished.

Grand Total: 62 creatures vanquished

Notes
Turn   | Place    | Note
-------+----------+-------------------------------------------
     0 | D:1      | speeev33 the Hill Orc Fighter began the quest for the Orb.
     0 | D:1      | Reached XP level 1. HP: 19/19 MP: 1/1
    99 | D:1      | Reached XP level 2. HP: 16/27 MP: 2/2
   535 | D:1      | Found a faded altar of an unknown god.
   669 | D:1      | Got Plato's Almanac of the Blaze
   688 | D:1      | Reached XP level 3. HP: 33/33 MP: 3/3
   903 | D:1      | Found Esoeggaf's Book Emporium.
  1744 | D:2      | Reached XP level 4. HP: 37/40 MP: 4/4
  2175 | D:3      | Noticed Natasha
  2185 | D:3      | Killed Natasha
  2376 | D:3      | Noticed Natasha
  2391 | D:3      | Reached XP level 5. HP: 36/47 MP: 5/5
  2395 | D:3      | Killed Natasha
  2578 | D:3      | Noticed Natasha
  2614 | D:3      | HP: 2/47 [poisoned by a gnoll]
  2616 | D:3      | Succumbed to a gnoll's poison

Illustrated notes

Levels and vault maps discovered:
D:1:      dpeg_arrival_boxes_within_box, layout_basic,
          shapermc_ecumenical_altar_rom_forum, serial_forest,
          infiniplex_forest_fountain, infiniplex_forest_end_1,
          infiniplex_forest_pool, infiniplex_forest_straight_4,
          infiniplex_forest_straight_4, infiniplex_forest_clump_small,
          serial_shops, shop, st_stairs_12, chequers_serial_rivers_micro_b,
          kennysheep_minor_cross, minmay_ruptured
D:2:      layout_loops_corners, kennysheep_decorative_pillar
D:3:      layout_basic, lemuel_coloured_pillars_altar,
          mainiacjoe_overflow_cross_hatched, uniq_natasha

Skill      XL: |  1  2  3  4 |
---------------+-------------+-----
Axes           | 3 4 |  4.2
Fighting       | 4 |  4.6
Armour         | 4 |  4.3
Shields        | 4 |  4.2

Action                   |  1- 3 |  4- 6 || total
-------------------------+-------+-------++-------
Melee: War axe           |   153 |    42 ||   195
  Use: Scroll            |     9 |       ||     9
Armor: Scale mail        |    49 |       ||    49
       Chain mail        |    59 |    45 ||   104
Dodge: Dodged            |    42 |    17 ||    59
Block: Kite shield       |    94 |    41 ||   135
